 Dungeon Crawl Stone Soup version 0.23-a0-372-g5ce4c07210 (webtiles) character file.

2681 Rrauwl the Basher (level 9, -7/52 HPs)
             Began as a Tengu Fighter on Oct 25, 2018.
             Was a Believer of Makhleb.
             Mangled by an orc warrior
             ... wielding a +0 glaive
              (15 damage)
             ... in a bailey.
             The game lasted 00:16:26 (6206 turns).

Rrauwl the Basher (Tengu Fighter)                   Turns: 6206, Time: 00:16:27

Health: -7/52      AC: 15    Str: 22    XL:     9   Next: 64%
Magic:  19/19      EV:  6    Int: 10    God:    Makhleb [**....]
Gold:   544        SH: 12    Dex: 13    Spells: 4/8 levels left

rFire    . . .     SeeInvis .   a - +0 morningstar (elec)
rCold    . . .     Gourm    .   c - +0 shield
rNeg     . . .     Faith    .   l - +0 plate armour (curse)
rPois    .         Spirit   .   (helmet restricted)
rElec    .         Reflect  .   r - +1 cloak
rCorr    .         Harm     .   s - +0 pair of gloves
MR       .....                  (boots unavailable)
Stlth    ..........             (no amulet)
HPRegen  0.17/turn              p - ring of magical power
MPRegen  0.16/turn              f - +3 ring of strength

@: no status effects
A: beak, talons 3, able to fly 1
a: Fly, Minor Destruction, Renounce Religion


You were in a bailey.
You worshipped Makhleb.
Makhleb was pleased with you.
You were not hungry.

You visited 2 branches of the dungeon, and saw 9 of its levels.
You also visited: Bailey.

You collected 544 gold pieces.

Inventory:

Hand Weapons
 a - a +0 morningstar of electrocution (weapon)
Missiles
 d - 6 silver javelins (quivered)
 t - a throwing net
Armour
 c - a +0 shield (worn)
 l - a cursed +0 plate armour (worn)
 r - a +1 cloak (worn)
 s - a +0 pair of gloves (worn)
Jewellery
 f - a +3 ring of strength (right hand)
 k - an uncursed ring of wizardry
 p - a ring of magical power (left hand)
Wands
 h - a wand of flame (53)
Scrolls
 m - 2 scrolls of remove curse
 n - 2 scrolls of magic mapping
 o - 6 scrolls of identify
Potions
 q - 2 potions of cancellation
Comestibles
 b - 15 chunks of flesh
 e - 19 rations


   Skills:
 - Level 4.1 Fighting
 + Level 9.6 Maces & Flails
 - Level 4.0 Armour
 - Level 2.1 Dodging
 + Level 9.2 Shields


You had 4 spell levels left.
You knew the following spells:

 Your Spells              Type           Power        Failure   Level  Hunger
a - Regeneration          Chrm/Necr      #.........   100%        3    ####...
b - Animate Skeleton      Necr           N/A          100%        1    ##.....

Your spell library contained the following spells:

 Spells                   Type           Power        Failure   Level  Hunger
 Pain                     Necr           #...         100%        1    ##.....
 Vampiric Draining        Necr           #.........   100%        3    ####...
 Animate Dead             Necr           N/A          100%        4    #####..


Dungeon Overview and Level Annotations

Branches:
Dungeon (8/15)             Temple (1/1) D:7
   Lair: D:8-11

Altars:
Ashenzari
Cheibriados
Dithmenos
Elyvilon
Fedhas
Gozag
Hepliaklqana
Kikubaaqudgha
Makhleb
Nemelex Xobeh
Qazlal
Ru
Sif Muna
Uskayaw
Vehumet
Wu Jian
Xom
Yredelemnul
Zin
The Shining One


Innate Abilities, Weirdness & Mutations

You have a beak for a mouth.
You have claws for feet.
You can fly.


Message History

You block the orc's attack.
Unknown command.
Your plate armour prevents you from hitting the orc warrior.
Your peck misses the orc warrior. You block the orc warrior's attack.
The orc warrior hits you but does no damage. x2
You block the orc's attack.
Unknown command.
You barely miss the orc warrior. You claw the orc warrior.
You peck the orc warrior, but do no damage.
The orc warrior is lightly wounded.
You block the orc warrior's attack.
The orc warrior hits you from afar with a +0 glaive.
* * * LOW HITPOINT WARNING * * *
The orc warrior completely misses you. The orc hits you but does no damage.
You completely miss the orc warrior. You claw the orc warrior.
Your peck misses the orc warrior.
The orc warrior is moderately wounded.
You block the orc warrior's attack.
The orc warrior hits you from afar with a +0 glaive!
You die...

#.))....#
#.......#
#.......#
#.......#
#.......#
#....§..#
#..§§.§.#
#..§§§§.#
##.§@§§##
###o###


#ooo# #oo§# #.o.# #).o# ##o## .oo. ..o...# You could see 3 orc warriors and an
orc.

Vanquished Creatures
  A hippogriff (D:6)
  A hungry ghost (D:8)
  An orc warrior (D:6)
  3 phantoms
  An ice beast (D:7)
  2 sky beasts
  An ogre (D:7)
  A centaur (D:5)
  2 bullfrogs (D:6)
  A scorpion (D:7)
  4 wights (D:7)
  3 howler monkeys
  3 crimson imps
  2 hounds
  A jelly (D:7)
  2 centaur skeletons
  A gnoll shaman (D:6)
  6 orc priests
  2 iguanas (D:6)
  7 orc wizards
  3 worker ants
  2 hound skeletons
  A worker ant zombie (D:5)
  Robin (D:2)
  9 gnolls (D:6)
  7 adders
  A shadow imp (D:5)
  An ooze (D:7)
  An adder zombie (D:5)
  3 adder skeletons
  5 worms
  5 leopard geckos
  25 orcs
  4 bats
  6 giant cockroaches
  10 hobgoblins
  6 jackals
  A quokka (D:3)
  A ball python (D:3)
  5 frilled lizards
  24 goblins
  A jackal skeleton (D:4)
  A jackal zombie (D:6)
  4 kobolds
  2 quokka skeletons
  8 rats
182 creatures vanquished.

Vanquished Creatures (others)
  2 bats (D:3)
2 creatures vanquished.

Grand Total: 184 creatures vanquished

Notes
Turn   | Place    | Note
-------+----------+-------------------------------------------
     0 | D:1      | Rrauwl the Tengu Fighter began the quest for the Orb.
     0 | D:1      | Reached XP level 1. HP: 14/14 MP: 2/2
   442 | D:1      | Reached XP level 2. HP: 18/19 MP: 3/3
   778 | D:1      | Reached skill level 1 in Dodging
   871 | D:1      | Reached XP level 3. HP: 23/23 MP: 4/4
  1358 | D:2      | Noticed Robin
  1369 | D:2      | Reached XP level 4. HP: 23/28 MP: 5/5
  1382 | D:2      | Killed Robin
  1846 | D:2      | Found a shimmering altar of Xom.
  2153 | D:3      | Gained mutation: You can fly. [Tengu growth]
  2153 | D:3      | Reached XP level 5. HP: 33/33 MP: 6/6
  2196 | D:3      | Found a white marble altar of Elyvilon.
  2453 | D:3      | Found an opulent altar of Gozag.
  2453 | D:3      | Found a burning altar of Makhleb.
  2457 | D:3      | Became a worshipper of Makhleb the Destroyer
  2854 | D:4      | Reached XP level 6. HP: 36/38 MP: 7/7
  2911 | D:4      | Noticed a phantom
  2936 | D:4      | Killed a phantom
  2977 | D:4      | Found a stormy altar of Qazlal.
  2979 | D:4      | Noticed a water elemental
  2981 | D:4      | Noticed a fire elemental
  2981 | D:4      | Noticed an air elemental
  3132 | D:4      | Found an ornate altar of the Wu Jian Council.
  3435 | D:5      | Entered Level 5 of the Dungeon
  3470 | D:5      | Reached XP level 7. HP: 30/43 MP: 8/8
  3472 | D:5      | Reached skill level 5 in Shields
  3505 | D:5      | Reached skill level 5 in Maces & Flails
  3658 | D:5      | Reached * piety under Makhleb
  4563 | D:6      | Reached XP level 8. HP: 45/48 MP: 9/9
  4748 | D:6      | Noticed a hippogriff
  4754 | D:6      | Killed a hippogriff
  4966 | D:6      | Reached ** piety under Makhleb
  4974 | D:6      | Reached XP level 9. HP: 52/52 MP: 10/10
  5260 | D:7      | Found a staircase to the Ecumenical Temple.
  5269 | Temple   | Entered the Ecumenical Temple
  5992 | D:8      | Learned a level 3 spell: Regeneration
  5994 | D:8      | Learned a level 1 spell: Animate Skeleton
  6060 | D:8      | Found a flagged portal.
  6065 | Bailey   | Entered a bailey
  6206 | Bailey   | Mangled by an orc warrior

Vault maps used:
D:1:      dpeg_arrival_connections, minmay_tromino_v4_a
D:2:      xom_teletrap_fun, fountainhead, uniq_robin
D:3:      gammafunk_temple_overflow_wave, elyvilon_altar_4,
          chequers_serial_rivers_small_b
D:4:      nicolae_overflow_hidden_temple, nicolae_qazlal_style_of_elements,
          first_ration
D:6:      serial_park_tiny_2, feat_on_display
D:7:      minmay_temple_entry_grid, grunt_ogre_cave
D:8:      lemuel_crystal_altar, enter_bailey_3, uniq_maurice
Temple:   nicolae_temple_great_sept
Bailey:   bailey_polearm_5, bailey

Skill      XL: |  1  2  3  4  5  6  7  8  9 |
---------------+----------------------------+-----
Dodging        | 1 2 |  2.1
Maces & Flails | 3 4 6 8 9 |  9.6
Armour         | 4 |  4.0
Fighting       | 4 |  4.1
Shields        | 4 6 8 9 |  9.2

Action                   |  1- 3 |  4- 6 |  7- 9 || total
-------------------------+-------+-------+-------++-------
Melee: Flail             |    76 |   129 |   231 ||   436
       Peck              |     5 |    16 |    56 ||    77
       Kick              |    14 |    39 |    98 ||   151
       Morningstar       |       |       |   102 ||   102
  Use: Potion            |     8 |     3 |     8 ||    19
       Scroll            |     6 |     2 |     3 ||    11
  Eat: Chunk             |     1 |     6 |     9 ||    16
       Ration            |       |     1 |       ||     1
Armor: Scale mail        |    30 |    36 |    24 ||    90
       Plate armour      |       |       |   185 ||   185
Dodge: Dodged            |    15 |    21 |    74 ||   110
Block: Shield            |    29 |    45 |   225 ||   299

Table legend:
 A = Non-vault XP
 B = Vault XP
 C = Vault XP percentage of total XP
 D = Non-vault monster count
 E = Vault monster count
 F = Vault count percentage of total count
                 A         B        C        D         E       F
            +---------+---------+-------+---------+---------+-------
      Total |    3621 |     210 |   5.5 |     148 |      34 |  18.7
            +---------+---------+-------+---------+---------+-------
        D:1 |      31 |       7 |  18.4 |      18 |       4 |  18.2
        D:2 |      83 |      35 |  29.7 |      24 |      12 |  33.3
        D:3 |     115 |       0 |   0.0 |      17 |       0 |   0.0
        D:4 |     300 |       0 |   0.0 |      10 |       0 |   0.0
        D:5 |     619 |       0 |   0.0 |      27 |       0 |   0.0
        D:6 |    1273 |       0 |   0.0 |      28 |       0 |   0.0
        D:7 |     972 |     121 |  11.1 |      22 |       1 |   4.3
        D:8 |     228 |       8 |   3.4 |       2 |       4 |  66.7
     Bailey |       0 |      39 | 100.0 |       0 |      13 | 100.0
            +---------+---------+-------+---------+---------+-------
